 Dungeon Crawl Stone Soup version 0.21.1-1-g345015f (webtiles) character file.

619 Fang the Chopper (level 7, -5/44 HPs)
             Began as a Gargoyle Berserker on July 23, 2018.
             Was a Priest of Trog.
             Killed from afar by an orc wizard (14 damage)
             ... with a puff of flame
             ... on level 4 of the Dungeon.
             The game lasted 00:05:03 (3704 turns).

Fang the Chopper (Gargoyle Berserker)               Turns: 3704, Time: 00:05:04

Health: -5/44      AC:  7    Str: 22    XL:     7   Next: 46%
Magic:  7/7        EV: 13    Int:  8    God:    Trog [***...]
Gold:   238        SH:  3    Dex:  9    Spells: 6/6 levels left

rFire    . . .     SeeInvis .   a - +0 hand axe
rCold    . . .     Gourm    .   (no shield)
rNeg     + . .     Faith    .   u - +0 robe {Archmagi}
rPois    ∞         Spirit   .   (no helmet)
rElec    +         Reflect  +   (no cloak)
rCorr    +         Harm     .   (no gloves)
MR       .....                  (no boots)
Stlth    ++........             m - +3 amulet of reflection
HPRegen  0.14/turn              (no ring)
MPRegen  0.10/turn              n - ring of resist corrosion

@: no status effects
A: negative energy resistance 1, electricity resistance, unbreathing,
petrification resistance, rot immunity, AC +4
a: Berserk, Trog's Hand, Burn Spellbooks, Renounce Religion


You were on level 4 of the Dungeon.
You worshipped Trog.
Trog was most pleased with you.
You were near starving.

You visited 1 branch of the dungeon, and saw 4 of its levels.

You collected 238 gold pieces.

Inventory:

Hand Weapons
 a - a +0 hand axe (weapon)
Armour
 u - a +0 robe of the Archmagi (worn)
Jewellery
 l - an uncursed amulet of rage
 m - a +3 amulet of reflection (around neck)
 n - a ring of resist corrosion (right hand)
Wands
 b - a wand of random effects (20)
Scrolls
 d - a scroll of identify
 e - a scroll of magic mapping
 h - a scroll of remove curse
 i - 3 scrolls of amnesia {unknown}
 j - a scroll of random uselessness {unknown}
 o - a scroll of fog {unknown}
 p - a scroll of fear {unknown}
 r - 3 scrolls of teleportation {unknown}
 s - a scroll of immolation {unknown}
Potions
 f - 2 potions of lignification
 q - 3 potions of curing {unknown}
 t - a potion of flight {unknown}
 v - a potion of brilliance {unknown}
Books
 k - a book of Misfortune

   Spells                             Type                      Level
   a - Confusing Touch                Hexes                        1
   b - Confuse                        Hexes                        3
   c - Gell's Gravitas                Translocation                3
   d - Petrify                        Transmutation/Earth          4
   e - Metabolic Englaciation         Hexes/Ice                    5
   f - Yara's Violent Unravelling     Hexes/Transmutation          5
   Trog disapproves of the use of such an item.
Comestibles
 c - 7 rations


   Skills:
 + Level 5.2 Fighting
 + Level 5.7 Axes
 + Level 2.3 Armour
 + Level 3.2 Dodging
 + Level 1.8 Stealth


You had 6 spell levels left.
You didn't know any spells.

Dungeon Overview and Level Annotations

Branches:
Dungeon (4/15)
 Temple: D:4-7

Altars:


Innate Abilities, Weirdness & Mutations

You are resistant to torment.
Your stone body is resilient. (AC +4)
You are immune to poison.
You resist negative energy. (rN+)
You are resistant to electric shocks. (rElec)
You can survive without breathing.
You are immune to petrification.
You are immune to rotting.


Message History

You block the orc's attack.
Unknown command.
As you read the scroll labeled BAB TONLONI, it crumbles to dust.
It is a scroll of identify.
f - 2 potions of lignification The orc barely misses you.
As you read the scroll labeled VIUHUQ ZOPO, it crumbles to dust.
You feel aware of your surroundings.
It was a scroll of magic mapping.
As you read the scroll labeled YQUUDO TAJEI, it crumbles to dust.
You feel as if something is helping you.
It was a scroll of remove curse.
The orc hits you with a war axe.
* * * LOW HITPOINT WARNING * * *
The orc hits you but does no damage.
The orc wizard hits you but does no damage.
Drop what? 22/52 slots (_ for help) (? for menu, Esc to quit)
You remove your ring of loudness.
The orc hits you but does no damage.
You drop an uncursed ring of loudness.
The orc closely misses you.
The orc wizard points at you and mumbles some strange words.
The puff of flame hits you!
You die...

#..# ##.# #.## *####
#..# *##...##* ##.#
###.......** #.##
##.........,*
##.###..........,**
#.##...oo......,,*
#.##...@o......,**
##......o......**
#............#* ***
#....>.....###
***,*** ##.#.....###
***,,,,,***#..##.###
*,,,,,,,,,*....###
**,,,,,,,,!.###,,**
**,,,,,,,,#* ***,*


You could see an orc priest, an orc wizard and 2 orcs.

Vanquished Creatures
  The ghost of Shockey19 the Charmwright, an amateur GnSk of Elyvilon (D:4)
  The ghost of Balder the Shield-Bearer, an amateur MiFi (D:3)
  A howler monkey (D:4)
  A crimson imp (D:4)
  2 orc wizards (D:4)
  An iguana (D:3)
  An adder (D:3)
  4 gnolls
  An ooze (D:1)
  3 worms
  4 dart slugs
  5 leopard geckos
  9 orcs
  A ball python (D:1)
  6 giant cockroaches
  10 goblins
  8 hobgoblins
  6 jackals (D:2)
  7 kobolds
  5 bats
  3 frilled lizards
  7 rats
87 creatures vanquished.

Notes
Turn   | Place    | Note
-------+----------+-------------------------------------------
     0 | D:1      | Fang the Gargoyle Berserker began the quest for the Orb.
     0 | D:1      | Reached XP level 1. HP: 14/14 MP: 1/1
    44 | D:1      | Reached XP level 2. HP: 14/19 MP: 2/2
   325 | D:1      | Reached XP level 3. HP: 19/24 MP: 3/3
   523 | D:1      | Reached ** piety under Trog
   854 | D:2      | Reached XP level 4. HP: 21/29 MP: 4/4
  2099 | D:3      | Reached XP level 5. HP: 17/33 MP: 5/5
  2101 | D:3      | Reached *** piety under Trog
  2357 | D:3      | Noticed Balder's ghost (amateur MiFi)
  2369 | D:3      | Killed Balder's ghost
  2369 | D:3      | Reached skill level 1 in Stealth
  2369 | D:3      | Reached XP level 6. HP: 39/39 MP: 6/6
  2919 | D:4      | Noticed Shockey19's ghost (amateur GnSk)
  2942 | D:4      | Killed Shockey19's ghost
  2942 | D:4      | Reached skill level 5 in Fighting
  2942 | D:4      | Reached skill level 5 in Axes
  2942 | D:4      | Reached XP level 7. HP: 44/44 MP: 7/7
  3704 | D:4      | Killed from afar by an orc wizard

Skill      XL: |  1  2  3  4  5  6 |
---------------+-------------------+-----
Axes           | 3 4 5 |  5.7
Dodging        | 2 3 |  3.2
Fighting       | 4 5 |  5.2
Stealth        | 1 |  1.8
Armour         | |  2.3

Action                   |  1- 3 |  4- 6 |  7- 9 || total
-------------------------+-------+-------+-------++-------
Melee: Hand axe          |   124 |   135 |    67 ||   326
Invok: Berserk           |     2 |     4 |     1 ||     7
  Use: Scroll            |       |       |     3 ||     3
 Stab: Sleeping          |     1 |       |       ||     1
  Eat: Chunk             |     2 |     8 |     4 ||    14
Armor: Animal skin       |    49 |    30 |    17 ||    96
       Robe              |       |       |    12 ||    12
Dodge: Dodged            |   100 |    70 |    35 ||   205
Block: Other             |       |    18 |     7 ||    25
